 Dungeon Crawl Stone Soup version 0.31-a0-150-g89dc3ad700 (webtiles) character file.

Game seed: 13132972959439602976

10 lunkers the Cudgeller (level 2, -3/24 HPs)
             Began as a Meteoran Reaver on June 9, 2023.
             Slain by a quokka (4 damage)
             ... on level 2 of the Dungeon.
             The game lasted 00:01:05 (393 turns).

lunkers the Cudgeller (Meteoran Reaver)              Turns: 393, Time: 00:01:06

Health: -3/24      AC:  3    Str: 13    XL:     2   Next: 47%
Magic:  15/15      EV: 12    Int: 14    God:
Gold:   51         SH:  0    Dex: 12    Spells: 5/6 levels left

rFire   . . .        a - +0 mace
rCold   . . .        (no shield)
rNeg    . . .        b - +0 leather armour
rPois   .            (no helmet)
rElec   .            (no cloak)
rCorr   .            (no gloves)
SInv    .            (no boots)
Will    .....        (no amulet)
Stlth   +            i - ring of magical power
HPRegen 0.24/turn    (no ring)
MPRegen 0.14/turn

%: no passive effects
@: glowing
A: sense surroundings 1, otherworldly, glowing, explore regen
a: no special abilities


You were on level 2 of the Dungeon.
You visited 1 branch of the dungeon, and saw 2 of its levels.

You collected 51 gold pieces.

Inventory:

Hand Weapons
 a - a +0 mace (weapon)
Armour
 b - a +0 leather armour (worn)
Jewellery
 i - a ring of magical power (left hand)
Scrolls
 c - 2 scrolls of noise {unknown}
 e - a scroll of blinking {unknown}
 g - a scroll of poison {unknown}
 h - a scroll of identify {unknown}
Potions
 d - a potion of brilliance {unknown}
 f - a potion of resistance {unknown}


   Skills:
 - Level 2.1 Fighting
 + Level 4.9 Maces & Flails
 - Level 2.4 Dodging
 - Level 2.6 Spellcasting
 - Level 3.6 Conjurations


You had 5 spell levels left.
You knew the following spells:

 Your Spells              Type           Power      Damage    Failure   Level
p - Kiss of Death         Conj/Necr      24%        2d7       14%         1

Your spell library contained the following spells:

 Spells                   Type           Power      Damage    Failure   Level
 Momentum Strike          Conj/Tloc      12%        3d8       21%         2
 Hailstorm                Conj/Ice       6%         3d4       38%         3


Dungeon Overview and Level Annotations

Branches:
Dungeon (2/15) Zot: 800

Altars:


Innate Abilities, Weirdness & Mutations

You passively map a small area around you.
You are easily found by Zot.
You glow in the dark.
You regain HP and MP as you explore.


Message History

The rat bites you but does no damage.
You hit the quokka but do no damage.
The quokka is almost dead.
The quokka bites you but does no damage.
The rat bites you. The endoplasm closely misses you.
You thump the rat!
You kill the rat!
The quokka bites you.
* * * LOW HITPOINT WARNING * * *
The endoplasm completely misses you. The quokka bites you.
* * * LOW HITPOINT WARNING * * *
You barely miss the quokka.
The quokka is almost dead.
The quokka misses you. The endoplasm hits you.
* * * LOW HITPOINT WARNING * * *
You closely miss the quokka.
The quokka is almost dead.
The quokka bites you.
* * * LOW HITPOINT WARNING * * *
The endoplasm freezes you.
You are frozen.
* * * LOW HITPOINT WARNING * * *
The quokka misses you.
You hit the quokka but do no damage.
The quokka is almost dead.
The endoplasm closely misses you. The quokka bites you.
* * * LOW HITPOINT WARNING * * *
You hit the quokka but do no damage.
The quokka is severely wounded.
The quokka bites you but does no damage.
The endoplasm hits you but does no damage.
Unknown command.
You hit the quokka but do no damage.
The quokka is severely wounded.
The quokka bites you.
* * * LOW HITPOINT WARNING * * *
The endoplasm hits you.
* * * LOW HITPOINT WARNING * * *
The quokka bites you.
You die...

, ,* #.. #.# ***
* #.. * #.# * *,
+..., ..# #.
#.... ###.#, .).,
, ,* ?..##.#.#
,.... , * ....#.#
....., , ,
#..#†#...... , *
#.#.<#@r.....# ,
* *#.....J.......
.....#......#...#
.... #..#...# ...
... .......... .
, ..
.....#....... *
##.#.##.#.......
# #. #.#....... ,
* ,* ,#
#.,....... ,


You could see an endoplasm and a quokka.

Vanquished Creatures
  2 endoplasms (D:1)
  A hobgoblin (D:1)
  2 jackals (D:1)
  A ball python (D:1)
  2 frilled lizards (D:1)
  2 rats
10 creatures vanquished.

Notes
Turn   | Place    | Note
-------+----------+-------------------------------------------
     0 | D:1      | lunkers the Meteoran Reaver began the quest for the Orb.
     0 | D:1      | Reached XP level 1. HP: 17/17 MP: 5/5
   107 | D:1      | Reached XP level 2. HP: 24/24 MP: 6/6
   393 | D:2      | HP: 1/24 [endoplasm (3)]
   393 | D:2      | Slain by a quokka

Illustrated notes

Levels and vault maps discovered:
D:1:      wander_arrival_lonely_grave, layout_rooms,
          dreamdust_princess_corridor, nrook_uturn,
          hangedman_abyss_or_decor_stabs
D:2:      layout_basic

Action                     || total
---------------------------++-------
  Melee: Mace              ||    36
 Armour: Leather armour    ||    17
  Dodge: Dodged            ||    20

Table legend: (Time is in decaauts)
 A = Elapsed time spent in this place.
 B = Non-inter-level travel time spent in this place.
 C = Inter-level travel time spent in this place.
 D = Time resting spent in this place.
 E = Time spent auto-exploring this place.
 F = Levels seen in this place.
 G = Mean time per level.
                   A        B        C        D        E       F      G
               +--------+--------+--------+--------+--------+-----+--------+
         Total |    398 |    398 |      0 |      0 |    294 |   2 |  199.0 |
       Dungeon |    398 |    398 |      0 |      0 |    294 |   2 |  199.0 |
               +--------+--------+--------+--------+--------+-----+--------+

Top non-repeatable levels by time:
     D:1: 383 daAuts
     D:2: 15 daAuts
